 Dungeon Crawl Stone Soup version 0.30-a0-723-gc1506a1cf0 (webtiles) character file.

Game seed: 16228916579669856919

129105 browni3141 the Wrestler (level 16, -32/170 HPs)
             Began as a Troll Berserker on Jan 28, 2023.
             Was an Elder of Trog.
             Annihilated by a naga warrior
             ... wielding a +0 glaive
              (44 damage)
             ... on level 1 of the Snake Pit.
             The game lasted 00:50:16 (22687 turns).

browni3141 the Wrestler (Troll Berserker)          Turns: 22687, Time: 00:50:16

Health: -32/170    AC:  9    Str: 37    XL:     16   Next: 49%
Magic:  15/15      EV: 10    Int:  1    God:    Trog [****..]
Gold:   1319       SH:  0    Dex:  7    Spells: 15/15 levels left

rFire   . . .      SeeInvis .      - Unarmed
rCold   + + +      Faith    .    (no shield)
rNeg    + + .      Spirit   .    C - +0 troll leather armour
rPois   .          Reflect  .    E - +2 hat
rElec   +          Harm     .    g - +0 cloak
rCorr   +          Rampage  .    (gloves unavailable)
Will    +....                    (boots unavailable)
Stlth   +                        I - macabre finger necklace {Finger+ rN+}
HPRegen 2.08/turn                R - ring of Arisch {rN+ Str+4}
MPRegen 0.14/turn                J - ring "Ledausm" {rElec rC+++ rCorr Int-4 Dex-2}
                                 B - +4 ring of slaying

@: slowed, very slow
A: large, unfitting armour, claws 3, regeneration 1, shaggy fur 1, tough skin 1
a: Renounce Religion, Berserk, Trog's Hand, Brothers in Arms


You were on level 1 of the Snake Pit.
You worshipped Trog.
Trog was greatly pleased with you.
You visited 4 branches of the dungeon, and saw 23 of its levels.
You also visited: Ossuary, Bailey, Gauntlet and Ice Cave.

You collected 2862 gold pieces.
You spent 1543 gold pieces at shops.

Inventory:

Missiles
 i - 9 boomerangs (quivered)
 j - a boomerang of dispersal
 k - a throwing net
 p - 12 javelins
 w - 5 curare-tipped darts
 S - 5 silver javelins
 V - 18 large rocks
Armour
 a - a +0 kite shield
 g - a +0 cloak (worn)
 C - a +0 troll leather armour (worn)
 D - a +2 robe of cold resistance
 E - a +2 hat (worn)
 Z - a +0 tower shield
Jewellery
 b - a ring of resist corrosion
 z - a +4 ring of protection
 B - a +4 ring of slaying (on amulet)
 G - a ring of ice
 I - the macabre finger necklace (around neck) {Finger+ rN+}
   (You bought it in a shop on level 2 of the Orcish Mines)

   [amulet of nothing]

   Finger+:   It enables you to equip an extra ring.
   rN:        It protects you from negative energy.
 J - the ring "Ledausm" (right claw) {rElec rC+++ rCorr Int-4 Dex-2}
   (You bought it in a shop on level 2 of the Orcish Mines)

   [ring of resist corrosion]

   Int:       It affects your intelligence (-4).
   Dex:       It affects your dexterity (-2).
   rC:        It renders you almost immune to cold.
   rElec:     It insulates you from electricity.
   rCorr:     It protects you from acid and corrosion.
 L - the ring "Hariwak" {Ice rN+ Dex+3 Stlth-}
   (You found it on level 11 of the Dungeon)

   [ring of ice]

   It enhances your ice magic.
   Dex:       It affects your dexterity (+3).
   rF:        It makes you vulnerable to fire.
   rC:        It protects you from cold.
   rN:        It protects you from negative energy.
   Stlth:     It makes you less stealthy.
 O - a +6 ring of dexterity
 P - an amulet of magic regeneration
 Q - the ring "Ucurchodd" {Fly rElec rC- Will+ SInv}
   (You found it in a Gauntlet)

   [ring of flight]

   rC:        It makes you vulnerable to cold.
   rElec:     It insulates you from electricity.
   SInv:      It lets you see invisible.
   Fly:       It grants you flight.
   Will:      It increases your willpower.
 R - the ring of Arisch (left claw) {rN+ Str+4}
   (You found it in a Gauntlet)

   [ring of positive energy]

   Str:       It affects your strength (+4).
   rN:        It protects you from negative energy.
 W - the ring of Equivalence {rCorr MP+9}
   (You found it on level 13 of the Dungeon)

   [ring of magical power]

   MP:        It affects your magic capacity (+9).
   rCorr:     It protects you from acid and corrosion.
Wands
 n - a wand of flame (43)
 o - a wand of charming (20)
 y - a wand of digging (6)
 A - a wand of mindburst (31)
 F - a wand of acid (15)
 T - a wand of roots (4)
 Y - a wand of polymorph (4)
Scrolls
 u - 3 scrolls of acquirement
Potions
 c - a potion of heal wounds
 d - 2 potions of haste
 e - 4 potions of curing
 f - 3 potions of lignification {unknown}
 h - 3 potions of degeneration
 l - 7 potions of attraction {unknown}
 m - a potion of magic {unknown}
 q - 3 potions of berserk rage {unknown}
 r - a potion of ambrosia {unknown}
 s - 4 potions of might {unknown}
 t - 4 potions of resistance {unknown}
 x - 4 potions of mutation {unknown}
 H - 2 potions of cancellation
 M - a potion of flight {unknown}
 N - 2 potions of brilliance {unknown}
 X - a potion of invisibility {unknown}
Miscellaneous
 v - a phantom mirror (inert)
 K - a phantom mirror (inert)
 U - a condenser vane (inert)


   Skills:
 + Level 13.6 Fighting
 * Level 11.8 Throwing
 - Level 5.0 Dodging
 - Level 1.0 Stealth
 * Level 21.7 Unarmed Combat


You had 15 spell levels left.
You didn't know any spells.
Your spell library was empty.

Dungeon Overview and Level Annotations

Branches:
Dungeon (15/15)            Temple (0/1) D:5            Lair (5/5) D:10
  Swamp (0/4) Lair:3        Snake (1/4) Lair:3        Slime (0/5) Lair:5
    Orc (2/2) D:10            Elf (0/3) Orc:2        Vaults (0/5) D:14
 Depths (0/4) D:15        Ossuary (visited)          Bailey (visited)
  IceCv (visited)         Gauntlet (visited)

Altars:
Kikubaaqudgha
Makhleb
Okawaru
Vehumet
Wu Jian
Xom

Shops:
D:2 (   D:10 =   D:15 *   Orc:2 =[!:

Portals:
Hell: Lair:5
Trove: D:11 (give +5 demon whip)

Annotations:
D:6 1 runed translucent door, Crazy Yiuf


Innate Abilities, Weirdness & Mutations

You are too large for most types of armour.
You have claws for hands.
Your natural rate of healing is unusually fast.
You are covered in fur. (AC +1)
You have tough skin. (AC +1)


Message History

The black mamba bites your ogre!!
Your ogre hits the black mamba with a +0 giant club!!
The black mamba dies!
Trog accepts your kill.
You feel very sick.
Your ogre misses the naga mage.
The naga mage points at you and mumbles some strange words.
The bolt of poison hits your ogre!!
Your ogre dies!
Your ogre's corpse disappears in a puff of smoke!
The bolt of poison hits you!!
You are more poisoned.
* * * LOW HITPOINT WARNING * * *
You feel extremely sick.
The naga warrior roars a battlecry!
The nagas go into a battle-frenzy!
You feel very sick.
The naga warrior roars a battlecry!
The naga warrior goes into a battle-frenzy!
The naga mage hits you from afar with a +0 halberd!!
* * * LOW HITPOINT WARNING * * *
You feel much better.
You feel very sick.
The naga warrior no longer looks unusually toxic.
The naga mage gestures at you while chanting.
The bolt of poison hits you!!
You are more poisoned.
* * * LOW HITPOINT WARNING * * *
The naga mage spits poison at you.
The splash of poison hits you but does no damage.
You are lethally poisoned!
You feel much better.
You feel extremely sick.
The naga mage hits you from afar with a +0 halberd!!
* * * LOW HITPOINT WARNING * * *
You feel better.
The naga mage points at the naga warrior and mumbles some strange words.
The naga warrior seems to grow toxic.
The naga warrior hits you from afar with a +0 glaive!!!
You die...

###########.........#
####.###.# #
#...........#######.# #.#
#......##.#.........# #.#
#..)...##.#############.#
##..##..#...###.........[.
###...##.......##...........
........NN......#...........
........NN........†.........
...##.N.####@...............#
#.. #..# ##..............##
.... #.............## .....
#............## ###..
#....#......## ##
##..###....## #### ######


You could see 2 naga warriors, a naga mage (fast, strong) and a naga (strong).

Vanquished Creatures
  Mlioglotl (Snake:1)
  The ghost of Seinwair the Warrior, a journeyman HOBe of Trog (D:13)
  A frost giant (IceCv)
  A dire elephant (Lair:5)
  A minotaur (Gauntlet)
  An ettin (D:15)
  8 vault guards (D:14)
  An ice dragon (Orc:2)
  7 hydras
  4 ogre magi (Orc:2)
  A hell beast (Lair:5)
  Erolcha (Orc:2)
  4 centaur warriors
  3 anacondas
  3 boulder beetles
  14 death yaks
  3 two-headed ogres
  4 naga sharpshooters (Snake:1)
  A naga warrior (Snake:1)
  Urug (Lair:2)
  A shock serpent (Snake:1)
  Nergalle (Lair:2)
  A hell knight (D:15)
  Sonja (D:12)
  3 skeletal warriors (D:15)
  A bog body (Lair:3)
  3 naga ritualists (Snake:1)
  2 deep trolls (D:15)
  A necromancer (D:15)
  A harpy (shapeshifter) (D:14)
  3 wizards
  4 deep elf pyromancers
  11 mana vipers
  4 ugly things
  3 cyclopes
  7 orc sorcerers (Orc:2)
  8 elephants
  4 salamanders
  A moth of wrath (Gauntlet)
  A guardian serpent (shapeshifter) (D:15)
  A smoke demon (Lair:5)
  20 black mambas
  4 naga magi (Snake:1)
  An ice statue (IceCv)
  11 cane toads
  A torpor snail (Lair:4)
  3 gargoyles
  7 rime drakes
  5 orange demons
  A komodo dragon (shapeshifter) (D:14)
  An unseen horror (shapeshifter) (D:13)
  8 komodo dragons
  An unseen horror (D:10)
  A kobold demonologist (D:14)
  A yaktaur (shapeshifter) (D:13)
  An ice devil (Lair:5)
  8 trolls
  A meliai (shapeshifter) (D:13)
  3 meliai (D:15)
  3 hornets
  17 polar bears
  A tyrant leech (Gauntlet)
  27 blink frogs
  A dream sheep (Lair:5)
  2 hornets (shapeshifter) (D:14)
  A raiju (Gauntlet)
  5 large abominations (D:11)
  12 slime creatures
  2 centaur simulacra
  A shadow (D:10)
  A vampire (D:10)
  5 wyverns
  54 yaks
  8 basilisks
  2 redbacks (Gauntlet)
  3 wargs
  4 steam dragons
  A two-headed ogre zombie (D:10)
  7 nagas (Snake:1)
  4 swamp worms (Gauntlet)
  2 acid dragons
  5 hell hounds (Lair:5)
  An ice beast (D:6)
  15 water moccasins
  A sky beast (D:7)
  18 orc warriors
  35 wolves
  2 black bears
  6 centaurs
  7 ogres
  A phantom (D:10)
  2 elf zombies (Ossuary)
  4 kobold brigands
  A necrophage (D:5)
  13 bullfrogs
  5 small abominations (D:11)
  8 wights (D:7)
  3 scorpions
  A troll zombie (D:10)
  5 electric eels
  4 lava snakes (Lair:3)
  A centaur zombie (Ossuary)
  4 howler monkeys
  5 hounds
  5 jellies
  19 orc priests
  3 human zombies (Ossuary)
  14 hell rats (Lair:5)
  4 iguanas
  42 orc wizards
  6 ogre zombies (D:10)
  2 mummies (Ossuary)
  7 gnolls
  11 adders
  2 white imps
  3 dart slugs
  3 worms
  81 orcs
  7 ball pythons
  8 bats
  4 endoplasms
  7 giant cockroaches
  21 goblins
  21 hobgoblins
  25 kobolds
  3 quokkas
  3 frilled lizards
  2 goblin skeletons (D:10)
  2 goblin zombies
  3 hobgoblin skeletons (D:10)
  12 hobgoblin zombies
  A jackal zombie (Ossuary)
  6 kobold zombies (Ossuary)
  2 orc skeletons (D:10)
  23 orc zombies
  10 rats
  4 rat zombies (Ossuary)
877 creatures vanquished.

Vanquished Creatures (collateral kills)
  An orc warlord (Bailey)
  A hydra (Lair:2)
  Amaemon (Lair:3)
  An orc knight (Orc:2)
  2 black mambas (Snake:1)
  2 blink frogs (Lair:2)
  2 slime creatures (D:15)
  A basilisk (Lair:2)
  2 orc warriors
  A bullfrog (Lair:2)
  2 small abominations (D:11)
  2 orcs
  A hobgoblin (Bailey)
19 creatures vanquished.

Vanquished Creatures (others)
  A wizard (D:11)
  A wolf (IceCv)
  An orc wizard (Orc:2)
  36 fungi
  45 plants
84 creatures vanquished.

Grand Total: 980 creatures vanquished

Notes
Turn   | Place    | Note
-------+----------+-------------------------------------------
     0 | D:1      | browni3141 the Troll Berserker began the quest for the Orb.
     0 | D:1      | Reached XP level 1. HP: 22/22 MP: 0/0
   164 | D:1      | Reached skill level 1 in Stealth
   164 | D:1      | Reached XP level 2. HP: 29/29 MP: 1/1
   358 | D:1      | Found a faded altar of an unknown god.
   693 | D:2      | Found Keec's Antique Weapon Shoppe.
   700 | D:2      | Reached XP level 3. HP: 36/36 MP: 2/2
   729 | D:2      | Reached ** piety under Trog
   953 | D:2      | Reached XP level 4. HP: 40/44 MP: 3/3
  1307 | D:3      | Reached skill level 4 in Unarmed Combat
  1334 | D:3      | Noticed a water moccasin
  1345 | D:3      | Killed a water moccasin
  1346 | D:3      | Reached XP level 5. HP: 53/53 MP: 4/4
  1590 | D:3      | Reached skill level 5 in Unarmed Combat
  1916 | D:4      | Reached XP level 6. HP: 53/61 MP: 5/5
  2129 | D:4      | Reached *** piety under Trog
  2390 | D:4      | Found a shimmering altar of Xom.
  2390 | D:4      | Found a faded altar of an unknown god.
  2398 | D:4      | Found a radiant altar of Vehumet.
  2400 | D:4      | Found a faded altar of an unknown god.
  2402 | D:4      | Found an iron altar of Okawaru.
  2764 | D:5      | Entered Level 5 of the Dungeon
  2830 | D:5      | Reached skill level 6 in Unarmed Combat
  2830 | D:5      | Reached XP level 7. HP: 56/68 MP: 6/6
  3219 | D:5      | Found a staircase to the Ecumenical Temple.
  3447 | D:6      | Reached **** piety under Trog
  3450 | D:6      | Reached skill level 7 in Unarmed Combat
  3660 | D:6      | Reached XP level 8. HP: 79/79 MP: 7/7
  3930 | D:6      | Found a runed translucent door.
  3931 | D:6      | Noticed Crazy Yiuf
  4096 | D:6      | Reached skill level 8 in Unarmed Combat
  4098 | D:6      | Reached skill level 5 in Fighting
  4233 | D:6      | Noticed a gargoyle
  4237 | D:6      | Killed a gargoyle
  4564 | D:7      | Reached skill level 9 in Unarmed Combat
  4642 | D:7      | Noticed a hornet
  4645 | D:7      | Paralysed by a hornet for 3 turns
  4652 | D:7      | Killed a hornet
  4653 | D:7      | Reached XP level 9. HP: 12/89 MP: 8/8
  4757 | D:7      | Found a sand-covered staircase.
  4845 | D:7      | Reached skill level 10 in Unarmed Combat
  4869 | D:7      | Found a flagged portal.
  4883 | Ossuary  | Entered an ossuary
  5092 | Bailey   | Entered a bailey
  5127 | Bailey   | Reached ***** piety under Trog
  5221 | Bailey   | Reached skill level 11 in Unarmed Combat
  5422 | Bailey   | Noticed an orc warlord
  5440 | Bailey   | Killed an orc warlord
  5441 | Bailey   | Reached skill level 12 in Unarmed Combat
  5441 | Bailey   | Reached XP level 10. HP: 102/102 MP: 9/9
  5886 | D:8      | Noticed a two-headed ogre
  5891 | D:8      | Killed a two-headed ogre
  6009 | D:8      | Reached skill level 13 in Unarmed Combat
  6063 | D:8      | You fall into a shaft and drop 3 floors!
  6098 | D:12     | Noticed a green ugly thing
  6223 | D:10     | Entered Level 10 of the Dungeon
  6381 | D:10     | Received a gift from Trog
  6803 | D:8      | Reached XP level 11. HP: 102/113 MP: 10/10
  7250 | D:9      | Paralysed by a hornet for 1 turns
  7763 | D:9      | Found an ornate altar of the Wu Jian Council.
  7767 | D:9      | Noticed a two-headed ogre
  7773 | D:9      | Killed a two-headed ogre
  7833 | D:9      | Reached skill level 14 in Unarmed Combat
  8333 | D:10     | Found a staircase to the Orcish Mines.
  8472 | D:10     | Found Fyppefem's Jewellery Shop.
  8751 | D:10     | Found a staircase to the Lair.
  9062 | D:10     | Received a gift from Trog
  9167 | D:10     | Reached skill level 15 in Unarmed Combat
  9358 | D:10     | Bought a ring of willpower for 300 gold pieces
  9383 | Orc:1    | Entered Level 1 of the Orcish Mines
  9777 | Orc:2    | Entered Level 2 of the Orcish Mines
  9796 | Orc:2    | Noticed an orc knight
  9797 | Orc:2    | Noticed an orc sorcerer
  9805 | Orc:2    | Killed an orc sorcerer
  9805 | Orc:2    | Killed an orc knight
  9892 | Orc:2    | Found a frozen archway.
  9896 | Orc:2    | Noticed an ice dragon
  9915 | Orc:2    | Reached XP level 12. HP: 107/126 MP: 11/11
  9919 | Orc:2    | Killed an ice dragon
  9946 | IceCv    | Entered an ice cave
 10015 | IceCv    | Reached skill level 16 in Unarmed Combat
 10035 | IceCv    | Reached skill level 10 in Fighting
 10087 | IceCv    | Noticed a death yak
 10087 | IceCv    | Noticed a death yak
 10112 | IceCv    | Killed a death yak
 10136 | IceCv    | Killed a death yak
 10192 | IceCv    | Identified the +1 ring mail of Guryheq {Str+3}
 10415 | IceCv    | Noticed a death yak
 10420 | IceCv    | Noticed a death yak
 10428 | IceCv    | Reached skill level 17 in Unarmed Combat
 10433 | IceCv    | Killed a death yak
 10449 | IceCv    | Killed a death yak
 10505 | IceCv    | Noticed a death yak
 10505 | IceCv    | Noticed a death yak
 10505 | IceCv    | Noticed a frost giant
 10516 | IceCv    | Killed a death yak
 10525 | IceCv    | Killed a frost giant
 10637 | IceCv    | Noticed a death yak
 10652 | IceCv    | Killed a death yak
 10656 | IceCv    | Killed a death yak
 10657 | IceCv    | Reached XP level 13. HP: 130/137 MP: 12/12
 10957 | Orc:1    | You fall into a shaft and drop 1 floor!
 11231 | Orc:2    | Found a staircase to the Elven Halls.
 11566 | Orc:2    | Found Heerazes's Book Emporium.
 11569 | Orc:2    | Reached skill level 18 in Unarmed Combat
 11593 | Orc:2    | Found Heisah's Antique Armour Shoppe.
 11651 | Orc:2    | Found a radiant altar of Vehumet.
 11653 | Orc:2    | Noticed Erolcha
 11664 | Orc:2    | Killed Erolcha
 11710 | Orc:2    | Found an ancient bone altar of Kikubaaqudgha.
 11775 | Orc:2    | Found Buvviseu's Jewellery Emporium.
 11784 | Orc:2    | Found Amuch's Distillery.
 11786 | Orc:2    | Received a gift from Trog
 11787 | Orc:2    | Reached skill level 1 in Throwing
 11803 | Orc:2    | Bought a potion of degeneration for 17 gold pieces
 11803 | Orc:2    | Bought a potion of cancellation for 136 gold pieces
 11901 | Orc:2    | Bought the macabre finger necklace {Finger+ rN+} for 440
                  | gold pieces
 11901 | Orc:2    | Found the macabre finger necklace {Finger+ rN+}
 11901 | Orc:2    | Bought the ring "Ledausm" {rElec rC+++ rCorr Int-4 Dex-2}
                  | for 620 gold pieces
 12343 | D:11     | Found a portal to a secret trove of treasure.
 12614 | D:11     | Identified the ring "Hariwak" {Ice rN+ Dex+3 Stlth-}
 12851 | D:12     | Noticed Sonja
 12857 | D:12     | Killed Sonja
 13452 | D:13     | Found a gate leading to a gauntlet.
 13693 | Gauntlet | Entered a Gauntlet
 13693 | Gauntlet | Found a transporter.
 13693 | Gauntlet | Found a transporter.
 13697 | Gauntlet | Found a transporter.
 13697 | Gauntlet | Found a transporter.
 13701 | Gauntlet | Noticed a dire elephant
 13721 | Gauntlet | Found a transporter.
 13731 | Gauntlet | Found a transporter.
 13731 | Gauntlet | Found a transporter.
 13735 | Gauntlet | Found a transporter.
 13762 | Gauntlet | Found a transporter.
 13769 | Gauntlet | Found a transporter.
 13787 | Gauntlet | Found a transporter.
 13832 | Gauntlet | Found a transporter.
 13848 | Gauntlet | Found a transporter.
 13939 | Gauntlet | Found a transporter.
 13948 | Gauntlet | Found a transporter.
 13964 | Gauntlet | Found a transporter.
 14142 | Gauntlet | Identified the ring "Ucurchodd" {Fly rElec rC- Will+ SInv}
 14181 | Gauntlet | Identified the ring of Arisch {rN+ Str+4}
 14252 | Gauntlet | Identified the +7 hand axe of Bodily Harmony {flame, rC++
                  | Str+2}
 14252 | Gauntlet | Noticed a minotaur
 14256 | Gauntlet | Killed a minotaur
 14257 | Gauntlet | Reached skill level 5 in Dodging
 14362 | D:13     | Found a runed translucent door.
 14395 | D:13     | Reached XP level 14. HP: 148/148 MP: 13/13
 14398 | D:13     | Reached skill level 19 in Unarmed Combat
 14505 | D:13     | Identified the ring of Equivalence {rCorr MP+9}
 14610 | D:13     | Noticed Seinwair's ghost (journeyman HOBe)
 14630 | D:13     | Killed Seinwair's ghost
 14631 | D:13     | Reached skill level 5 in Throwing
 15155 | D:14     | Found a gate to the Vaults.
 15891 | D:15     | Entered Level 15 of the Dungeon
 16245 | D:15     | Found Zait's Assorted Antiques.
 16251 | D:15     | Bought a ruby potion for 30 gold pieces
 16293 | D:15     | Found a staircase to the Depths.
 16627 | Lair:1   | Entered Level 1 of the Lair of Beasts
 16678 | Lair:1   | Reached skill level 20 in Unarmed Combat
 16901 | Lair:1   | Received a gift from Trog
 17578 | Lair:2   | Noticed Urug
 17581 | Lair:2   | Found a transporter.
 17583 | Lair:2   | Killed Urug
 17583 | Lair:2   | Found a transporter.
 17590 | Lair:2   | Reached XP level 15. HP: 156/158 MP: 14/14
 17833 | Lair:2   | Noticed Nergalle
 17839 | Lair:2   | Killed Nergalle
 17839 | Lair:2   | Noticed Amaemon
 17864 | Lair:3   | Killed Amaemon
 18129 | Lair:3   | Found a staircase to the Snake Pit.
 18245 | Lair:3   | Found a staircase to the Swamp.
 19949 | Lair:5   | Entered Level 5 of the Lair of Beasts
 20015 | Lair:5   | Reached skill level 10 in Throwing
 20147 | Lair:5   | Received a gift from Trog
 20467 | Lair:5   | Reached skill level 21 in Unarmed Combat
 20467 | Lair:5   | Found a burning altar of Makhleb.
 20855 | Lair:5   | Reached XP level 16. HP: 159/170 MP: 15/15
 20866 | Lair:5   | Found a runed translucent door.
 20871 | Lair:5   | Found a staircase to the Slime Pits.
 21059 | Lair:5   | Found a gateway to Hell.
 21059 | Lair:5   | Found the +11 Singing Sword {sonic wave}
 21373 | Snake:1  | Entered Level 1 of the Snake Pit
 21385 | Snake:1  | Noticed Mlioglotl
 21397 | Snake:1  | Killed Mlioglotl
 22686 | Snake:1  | HP: 3/170 [naga mage/+0 halberd (28)]
 22687 | Snake:1  | Annihilated by a naga warrior

Illustrated notes

Levels and vault maps discovered:
D:1:      spicycebolla_arrival_xxxplode, layout_loops_cross,
          shapermc_ecumenical_altar_mp_urbaneastern, grunt_decor_cap
D:2:      layout_basic, serial_shops, shop_fountains,
          chequers_serial_rivers_small_b, minmay_distorted
D:3:      layout_basic
D:4:      layout_loops_corners, chequers_temple_overflow_minitemple,
          corexii_leaking_fountain, amcnicky_mini_corridor_feature
D:5:      layout_loops_ring, minmay_temple_entry_crystal_x
D:6:      layout_loops_ring, minmay_misc_feat_ornament, uniq_crazy_yiuf_cottage
D:7:      layout_basic, nicolae_ossuary_entry_false_entrances, enter_bailey_5
D:8:      layout_loops_cross, hex_tiny, serial_bayou_crossing
D:9:      layout_layer_cave, mainiacjoe_overflow_cross_hatched
D:10:     layout_gridville, erik_lair_island, zombieorc2_lemuel, serial_shops,
          kennysheep_mini_moat
D:11:     layout_irregular_city, nicolae_trove_entry_diagonal, laboratory
D:12:     layout_irregular_city, uniq_sonja
D:13:     layout_irregular_city, ebering_ghost_reflecting_pool,
          gauntlet_entry_generic
D:14:     layout_stronghold, erik_vaults_2, minmay_misc_feat_roman
D:15:     hangedman_depths_entry_civil_slaughter, layout_rooms, serial_shops,
          shop
Lair:1:   layout_cave_pods, infiniplex_staircase_pool
Lair:2:   gammafunk_boulding_lane, layout_cave_shapes, uniq_amaemon, uniq_urug,
          uniq_nergalle
Lair:3:   layout_loops_ring, skrybe_swamp_entry_bodies,
          nicolae_snake_entry_warm_welcome, nicolae_quartered_pool_little
Lair:4:   layout_roguey, small_statue_intersection, pdpol_lair_cavern_descent,
          serial_bayou_shore_a, grunt_megastairs_5, infiniplex_staircase_pool_2
Lair:5:   evil_forest, layout_small_grid, slime_entry_2, lemuel_fruit_fields
Snake:1:  layout_gridlike, nicolae_snake_storage_room, uniq_mlioglotl
Orc:1:    layout_caves
Orc:2:    kennysheep_orc_mage_school, layout_diamond_mine,
          portal_ice_cave_entry_animals_and_master

Skill      XL: |  1  2  3  4  5  6  7  8  9 10 11 12 13 14 15 16 |
---------------+-------------------------------------------------+-----
Stealth        | 1 |  1.0
Unarmed Combat | 4 5 6 7 9 12 13 15 17 18 20 21 | 21.7
Fighting       | 3 4 5 7 8 9 11 12 13 | 13.6
Dodging        | 3 4 5 |  5.0
Throwing       | 4 8 10 11 | 11.8

Action                     |  1- 3 |  4- 6 |  7- 9 | 10-12 | 13-15 | 16-18 || total
---------------------------+-------+-------+-------+-------+-------+-------++-------
  Melee: Unarmed           |    92 |   183 |   379 |   549 |   802 |   146 ||  2151
         Punch             |     1 |     3 |    10 |    46 |    83 |     9 ||   152
  Throw: Boomerang         |       |       |     4 |     1 |   129 |    63 ||   197
         Dart              |       |       |       |     5 |     1 |       ||     6
         Javelin           |       |       |       |       |     9 |     7 ||    16
 Invoke: Berserk           |       |     1 |     6 |     7 |    15 |     2 ||    31
         Trog's Hand       |       |     1 |     3 |     2 |    12 |     3 ||    21
         Brothers in Arms  |       |       |     2 |     2 |     7 |     3 ||    14
  Evoke: Wand              |       |       |     3 |     4 |     3 |     1 ||    11
         Phantom mirror    |       |       |       |     2 |     3 |     1 ||     6
         Condenser vane    |       |       |       |       |     3 |     1 ||     4
    Use: Potion            |       |       |       |     3 |     2 |     5 ||    10
   Stab: Sleeping          |     4 |     1 |       |       |       |       ||     5
         Distracted        |       |       |     1 |       |     1 |       ||     2
         Confused          |       |       |       |       |     1 |       ||     1
 Armour: Animal skin       |    32 |    46 |   117 |    98 |       |       ||   293
         Troll leather arm |       |       |       |    17 |   211 |    41 ||   269
         Skin              |       |       |       |     4 |    70 |       ||    74
         Robe              |       |       |       |    50 |     1 |       ||    51
  Dodge: Dodged            |    43 |    69 |   167 |   212 |   315 |    66 ||   872

Table legend: (Time is in decaauts)
 A = Elapsed time spent in this place.
 B = Non-inter-level travel time spent in this place.
 C = Inter-level travel time spent in this place.
 D = Time resting spent in this place.
 E = Time spent auto-exploring this place.
 F = Levels seen in this place.
 G = Mean time per level.
                   A        B        C        D        E       F      G
               +--------+--------+--------+--------+--------+-----+--------+
         Total |  22339 |  21264 |   1075 |   1477 |  14536 |  27 |  827.4 |
       Dungeon |  12677 |  12023 |    654 |    639 |   8960 |  15 |  845.1 |
          Lair |   4718 |   4426 |    292 |    280 |   3202 |   5 |  943.6 |
     Snake Pit |   1154 |   1154 |      0 |    127 |    722 |   1 | 1154.0 |
  Orcish Mines |   1647 |   1520 |    127 |    130 |    844 |   2 |  823.5 |
       Ossuary |    179 |    179 |      0 |      0 |      0 |   1 |  179.0 |
        Bailey |    420 |    420 |      0 |     79 |      4 |   1 |  420.0 |
      Ice Cave |    913 |    913 |      0 |    145 |    443 |   1 |  913.0 |
      Gauntlet |    629 |    629 |      0 |     74 |    361 |   1 |  629.0 |
               +--------+--------+--------+--------+--------+-----+--------+

Top non-repeatable levels by time:
  Lair:5: 1294 daAuts
     D:9: 1249 daAuts
    D:10: 1172 daAuts
   Orc:2: 1163 daAuts
 Snake:1: 1154 daAuts
     D:6: 1134 daAuts
    D:14: 1015 daAuts
  Lair:3: 1008 daAuts
    D:11: 997 daAuts
  Lair:1: 942 daAuts
     D:4: 933 daAuts
   IceCv: 913 daAuts
  Lair:4: 871 daAuts
    D:13: 846 daAuts
     D:8: 802 daAuts
